Map: 애씨드 플랜트 - 래더

Players

lIIllllIIlll (INnoVation) - Winner!

  • Race: Terran Terran
  • League: Master
  • Spawn Location: 5:00

liquidthermy (uThermal)

  • Race: Protoss Protoss
  • League: Grandmaster
  • Spawn Location: 11:00

Event: HomeStory Cup XVII

VOD

Have the link to the VOD?

Description

Time

  • Played on: June 29, 2018, 12:24 p.m.
  • Length: 4:57

All games in this series

Show
View Real Time Build Order
Export as new Build Order

lIIllllIIlll Terran - Winner!

Build Orders: Cyclone Opening, Gas First Reaper Expand, Reaper Expand 

Get SALT Encoding   

  12  0:00  SCV  
  13  0:12  SCV  
  14  0:17  Supply Depot  
  14  0:24  SCV  
  15  0:28  Refinery  
  15  0:38  SCV  
  16  0:44  Barracks  
  16  0:50  SCV  
  17  1:02  SCV  
  18  1:14  SCV  
  19  1:30  Orbital Command  
  19  1:31  Reaper  
  20  1:48  Command Center  
  20  1:56  Factory  
  20  1:57  SCV  
  21  2:05  Barracks Reactor  
  21  2:06  Refinery  
  21  2:09  SCV  
  21  2:14  Supply Depot  
  22  2:21  SCV  
  23  2:30  Bunker  
  23  2:35  SCV  
  24  2:40  Cyclone  
  24  2:41  Marine x2  
  29  2:49  SCV  
  29  2:59  Marine x2  
  31  3:07  SCV  
  31  3:08  Starport  
  31  3:22  Widow Mine  
  31  3:23  Marine  
  31  3:29  Marine  
  31  3:32  SCV  
  33  3:34  Starport  
  33  3:44  Widow Mine, SCV  
  33  3:45  Viking  
  38  3:49  Supply Depot  
  40  3:58  Orbital Command  
  38  4:07  Widow Mine  
  40  4:13  Viking  
  42  4:19  Viking  
  44  4:27  Supply Depot  
  44  4:31  Widow Mine  
  46  4:40  Supply Depot  
Show
View Real Time Build Order
Export as new Build Order

liquidthermy Protoss 

Build Orders: Proxy Void Ray 

Get SALT Encoding   

  12  0:08  Pylon  
  12  0:12  Probe  
  13  0:27  Gateway, Probe  
  14  0:35  Probe  
  14  0:41  Assimilator  
  15  0:44  Probe  
  16  0:56  Probe  
  17  1:04  Assimilator  
  17  1:14  Probe, Cybernetics Core  
  18  1:22  Pylon  
  18  1:26  Probe  
  19  1:39  Probe  
  20  1:47  Adept  
  20  1:51  Probe  
  21  1:57  Stargate  
  21  2:00  Shield Battery  
  23  2:04  Probe  
  24  2:12  Stalker  
  26  2:16  Probe  
  27  2:30  Void Ray  
  31  2:44  Pylon  
  30  3:03  Void Ray  
  32  3:35  Pylon  
  32  3:37  Stalker  
  34  3:46  Void Ray  
  38  3:55  Shield Battery  
  38  3:56  Shield Battery  
  38  4:05  Pylon  
  38  4:25  Shield Battery  
  38  4:26  Shield Battery  
Tags
 
Add a new tag
Caveats
  • Supply blocks, unpowered buildings, or Contaminate may cause inaccurate times.
  • Supply counts are checked every 10 seconds.